 Dungeon Crawl Stone Soup version 0.24-a0-516-g9de272bb65 (webtiles) character file.

Game seed: 16806820978182624165

104 Mithandil the Conjurer (level 4, -2/24 HPs)
             Began as a Deep Elf Conjurer on July 22, 2019.
             Slain by a crimson imp (3 damage)
             ... summoned by Natasha
             ... on level 2 of the Dungeon.
             The game lasted 00:14:52 (2034 turns).

Mithandil the Conjurer (Deep Elf Conjurer)          Turns: 2034, Time: 00:14:52

Health: -2/24      AC:  4    Str:  5    XL:     4   Next: 52%
Magic:  1/12       EV: 13    Int: 21    God:
Gold:   70         SH:  0    Dex: 15    Spells: 1/12 levels left

rFire    . . .     SeeInvis .   a - +0 dagger
rCold    + . .     Gourm    .   (no shield)
rNeg     . . .     Faith    .   m - +2 robe {rC+}
rPois    .         Spirit   .   (no helmet)
rElec    .         Reflect  .   (no cloak)
rCorr    .         Harm     .   (no gloves)
MR       .....                  (no boots)
Stlth    ++........             (no amulet)
HPRegen  0.08/turn              (no ring)
MPRegen  0.13/turn              (no ring)

@: no status effects
A: no striking features
a: no special abilities


You were on level 2 of the Dungeon.
You were not hungry.

You visited 1 branch of the dungeon, and saw 3 of its levels.

You collected 70 gold pieces.

Inventory:

Hand Weapons
 a - a +0 dagger (weapon)
Missiles
 b - 46 stones (quivered)
 k - 22 arrows
Armour
 l - a +2 hat
 m - a +2 robe of cold resistance (worn)
Scrolls
 e - a scroll of enchant armour {unknown}
 g - a scroll of amnesia {unknown}
 h - 3 scrolls of enchant weapon {unknown}
 i - a scroll of remove curse {unknown}
 j - 3 scrolls of identify {unknown}
Potions
 d - a potion of brilliance {unknown}
 f - 3 potions of curing {unknown}
Comestibles
 c - a ration


   Skills:
 + Level 3.2 Dodging
 + Level 3.3 Stealth
 * Level 4.5 Spellcasting
 * Level 5.2 Conjurations
 + Level 0.3 Translocations


You had one spell level left.
You knew the following spells:

 Your Spells              Type           Power        Failure   Level  Hunger
a - Magic Dart            Conj           ####         1%          1    None
b - Searing Ray           Conj           ####..       1%          2    #......
c - Force Lance           Conj/Tloc      ###.....     36%         4    ####...
d - Iskenderun's Mystic   Conj           ####....     14%         4    ####...

Your spell library contained the following spells:

 Spells                   Type           Power        Failure   Level  Hunger
 Dazzling Spray           Conj/Hex       ###...       12%         3    ##.....
 Fulminant Prism          Conj/Hex       ###.......   36%         4    ####...


Dungeon Overview and Level Annotations

Branches:
Dungeon (3/15)

Altars:
Hepliaklqana

Annotations:
D:2 Natasha, Terence


Message History

The shadow imp disappears in a puff of smoke!
Natasha claws you.
You barely miss Natasha.
Natasha is almost dead.
The shadow imp misses you. Natasha barely misses you.
You closely miss Natasha.
Natasha is almost dead.
The shadow imp hits you.
* * * LOW HITPOINT WARNING * * *
Natasha misses you. The crimson imp barely misses you.
You hit Natasha but do no damage.
Natasha is almost dead.
The shadow imp hits you but does no damage.
Natasha closely misses you. The crimson imp hits you.
* * * LOW HITPOINT WARNING * * *
You hit Natasha but do no damage.
Natasha is almost dead.
The shadow imp barely misses you. Natasha closely misses you.
The crimson imp hits you.
You die...

##h###..................
#................####..
#................##....
##.............).##.##.
#..#..................
##.......†............
##............#....##
##..5§.......#.#...#
##@h........#..#..#
##.5.....)...##.#..#
#....#.####.........
#.#....#####..###..#
#.##.#...####.#
#.##........#.#
####.#####...#.# #....#
#...# .. #.#### ###.###


You could see Natasha, a crimson imp and a shadow imp.

Vanquished Creatures
  Jessica (D:2)
  Natasha (D:2)
  A worm (D:2)
  4 dart slugs (D:1)
  5 leopard geckos
  A ball python (D:1)
  2 bats
  3 giant cockroaches
  2 goblins (D:1)
  3 hobgoblins
  3 jackals (D:1)
  3 frilled lizards (D:1)
  A jackal zombie (D:2)
  5 kobolds
  3 rats (D:2)
38 creatures vanquished.

Notes
Turn   | Place    | Note
-------+----------+-------------------------------------------
     0 | D:1      | Mithandil the Deep Elf Conjurer began the quest for the
                  | Orb.
     0 | D:1      | Reached XP level 1. HP: 10/10 MP: 6/6
   255 | D:1      | Reached XP level 2. HP: 11/15 MP: 0/8
   259 | D:1      | Learned a level 2 spell: Searing Ray
   565 | D:1      | Found a hazy altar of Hepliaklqana.
   716 | D:1      | Reached XP level 3. HP: 19/19 MP: 6/10
  1400 | D:2      | Noticed Jessica
  1408 | D:2      | Killed Jessica
  1408 | D:2      | Reached skill level 5 in Conjurations
  1408 | D:2      | Reached XP level 4. HP: 2/24 MP: 3/12
  1414 | D:2      | Learned a level 4 spell: Force Lance
  1419 | D:2      | Learned a level 4 spell: Iskenderun's Mystic Blast
  1440 | D:2      | Noticed Terence
  1936 | D:2      | Noticed Natasha
  2007 | D:2      | Killed Natasha
  2014 | D:2      | Noticed Natasha
  2033 | D:2      | HP: 1/24 [crimson imp[Natasha] (3)]
  2034 | D:2      | Slain by a crimson imp

Levels and vault maps discovered:
D:1:      roderic_chinese_lattice_arrival, layout_loops_corners,
          nrook_mini_vaults, kennysheep_flooded_box
D:2:      layout_rooms, uniq_terence, uniq_natasha, uniq_jessica
D:3:      layout_rooms, minitemple, chequers_ecumenical_altar_simple, uniq_robin

Skill      XL: |  1  2  3 |
---------------+----------+-----
Stealth        | 3 |  3.3
Dodging        | 3 |  3.2
Spellcasting   | 4 |  4.5
Conjurations   | 5 |  5.2
Translocations | |  0.3

Action                   |  1- 3 |  4- 6 || total
-------------------------+-------+-------++-------
Melee: Dagger            |       |     8 ||     8
 Cast: Magic Dart        |    59 |    32 ||    91
  Eat: Chunk             |     1 |     2 ||     3
Armor: Robe              |     3 |     2 ||     5
Dodge: Dodged            |    10 |    24 ||    34

Table legend:
 A = Non-vault XP
 B = Vault XP
 C = Vault XP percentage of total XP
 D = Non-vault monster count
 E = Vault monster count
 F = Vault count percentage of total count
                 A         B        C        D         E       F
            +---------+---------+-------+---------+---------+-------
      Total |      77 |      72 |  48.3 |      36 |       2 |   5.3
            +---------+---------+-------+---------+---------+-------
        D:1 |      54 |       0 |   0.0 |      24 |       0 |   0.0
        D:2 |      21 |      72 |  77.4 |      11 |       2 |  15.4
        D:3 |       2 |       0 |   0.0 |       1 |       0 |   0.0
            +---------+---------+-------+---------+---------+-------
